 Dungeon Crawl Stone Soup version 0.20.1-1-g8b1a95d (webtiles) character file.

662 letownia2 the Reanimator (level 7, 0/60 HPs)
             Began as a Deep Dwarf Necromancer on Nov 13, 2017.
             Slain by a sky beast (4 damage)
             ... on level 6 of the Dungeon.
             The game lasted 00:08:24 (3484 turns).

letownia2 the Reanimator (Deep Dwarf Necromancer)   Turns: 3484, Time: 00:08:24

Health: 0/60       AC:  7    Str: 12    XL:     7   Next: 30%
Magic:  5/13       EV: 11    Int: 17    God:
Gold:   239        SH:  0    Dex: 13    Spells: 10/14 levels left

rFire    . . .     SeeInvis .   a - +2 whip (flame)
rCold    . . .     Gourm    .   (no shield)
rNeg     . . .     Faith    .   i - +0 ring mail
rPois    .         Spirit   .   q - +0 helmet
rElec    .         Reflect  .   (no cloak)
rCorr    .         Harm     .   (no gloves)
MR       +....                  x - +0 pair of boots
Stlth    +.........             (no amulet)
Regen    0.0/turn               (no ring)
MPRegen  0.2/turn               (no ring)

@: non-regenerating
A: damage resistance, heal wounds, sense surroundings 1, no regeneration
a: Heal Wounds


You were on level 6 of the Dungeon.
You were very hungry.

You visited 1 branch of the dungeon, and saw 6 of its levels.

You collected 239 gold pieces.

Inventory:

Hand Weapons
 a - a +2 whip of flaming (weapon)
 s - a +0 dagger
Missiles
 v - 5 javelins of penetration (quivered)
Armour
 f - a +0 scale mail
 i - a +0 ring mail (worn)
 q - a +0 helmet (worn)
 x - a +0 pair of boots (worn)
 y - a +1 leather armour of fire resistance
Scrolls
 h - a scroll of enchant armour {unknown}
 j - a scroll of teleportation {unknown}
 k - a scroll of amnesia {unknown}
 o - a scroll of recharging {unknown}
 p - 4 scrolls of identify {unknown}
 t - 2 scrolls of remove curse {unknown}
 w - a scroll of fear {unknown}
Potions
 d - 2 potions of mutation {unknown}
 e - a potion of agility {unknown}
 l - a potion of heal wounds {unknown}
 r - a potion of might {unknown}
Books
 b - a book of Necromancy

   Spells                             Type                      Level
   a - Pain                           Necromancy                   1
   b - Animate Skeleton               Necromancy                   1
   c - Vampiric Draining              Necromancy                   3
   d - Regeneration                   Charms/Necromancy            3
   e - Animate Dead                   Necromancy                   4
   f - Control Undead                 Necromancy                   4
Comestibles
 c - 4 bread rations
 g - a royal jelly
 m - a meat ration
 u - 3 fruits


   Skills:
 - Level 2.1 Fighting
 - Level 2.1 Dodging
 - Level 2.4 Stealth
 + Level 4.0 Spellcasting
 - Level 8.0 Necromancy


You had 10 spell levels left.
You knew the following spells:

 Your Spells              Type           Power        Failure   Level  Hunger
a - Pain                  Necr           ####         1%          1    None
v - Vampiric Draining     Necr           ####......   3%          3    ###....


Dungeon Overview and Level Annotations

Branches:
Dungeon (6/15)
 Temple: D:4-7

Altars:
Uskayaw
Xom

Shops:
D:4 (

Annotations:
D:5 Eustachio; Grinder; Linguinho's ghost, amateur TrMo
D:6 Ratty's ghost, novice OgBe


Innate Abilities, Weirdness & Mutations

You are resistant to damage.
You can heal yourself by infusing magical energy.
You passively map a small area around you.
You do not regenerate.


Message History

You barely miss Ratty's ghost.
Ratty's ghost is lightly damaged.
The crimson imp blinks!
Ratty's ghost hits you but does no damage.
Something hits you but does no damage.
You barely miss Ratty's ghost.
Ratty's ghost is lightly damaged.
The crimson imp shouts, "Flee, thou weedy toad-spotted flirt-gill!"
Ratty's ghost closely misses you.
A sky beast appears from thin air!
Reactivating autopickup.
The sky beast closely misses you.
You hit Ratty's ghost. You burn Ratty's ghost.
Ratty's ghost is lightly damaged.
Ratty's ghost barely misses you. The sky beast completely misses you.
You hit Ratty's ghost. You burn Ratty's ghost.
Ratty's ghost is lightly damaged.
The crimson imp closely misses you.
Ratty's ghost hits you but does no damage.
The sky beast hits you. The sky beast shocks you.
You die...

#'#......##* * #..#..####'##....
..#......# #.....#....>#....
..#<.....# #.....#.....#....
..#......# #.....'.....#....
..#......# ###'####....#....
###......##########...########...
#......#.....§......# #...
#......#......YW....# #...
#......#.....§@5....# #...
###......##########...# #...
.........#, ,,*#...#** ##+#
.........# , ,#....+ , , #
.........+ , #....# , #
.........# , , ....# * +
.........# ** ### ..####+### * ,
, ..#.......


You could see a sky beast, Ratty's ghost and a crimson imp.

Vanquished Creatures
  2 ogres (D:5)
  Blork the orc (D:5)
  A scorpion (D:4)
  A howler monkey (D:4)
  A jelly (D:6)
  An orc priest (D:5)
  A centaur skeleton (D:4)
  An orc wizard (D:5)
  Natasha (thrice) (D:4)
  2 worker ants (D:4)
  4 adders
  A dart slug (D:4)
  A leopard gecko (D:5)
  9 orcs
  4 bats
  2 giant cockroaches
  A gnoll zombie (D:6)
  2 goblins
  3 hobgoblins
  17 jackals
  4 quokkas (D:4)
  2 ball pythons
  A frilled lizard (D:1)
  3 kobolds (D:2)
  A leopard gecko skeleton (D:5)
  A quokka skeleton (D:4)
  4 rats
74 creatures vanquished.

Notes
Turn   | Place    | Note
-------+----------+-------------------------------------------
     0 | D:1      | letownia2 the Deep Dwarf Necromancer began the quest for the Orb.
     0 | D:1      | Reached XP level 1. HP: 15/15 MP: 3/3
   366 | D:2      | Reached XP level 2. HP: 22/22 MP: 1/5
   709 | D:2      | Reached skill level 5 in Necromancy
   923 | D:4      | Noticed a dagger
   923 | D:4      | Noticed a hand axe
   924 | D:4      | Found a hide-covered altar of Uskayaw.
   950 | D:4      | Noticed a scorpion
   956 | D:4      | Killed a scorpion
   956 | D:4      | Reached XP level 3. HP: 20/28 MP: 1/7
   956 | D:4      | Reached XP level 4. HP: 26/36 MP: 1/8
   961 | D:4      | Learned a level 3 spell: Vampiric Draining
  1140 | D:4      | Found Tudwosergh's Weapon Emporium.
  1315 | D:4      | Reached skill level 6 in Necromancy
  1315 | D:4      | Reached XP level 5. HP: 36/42 MP: 1/9
  1381 | D:4      | Noticed Natasha
  1385 | D:4      | Killed Natasha
  1496 | D:4      | Noticed Natasha
  1498 | D:4      | Killed Natasha
  1515 | D:4      | Noticed Natasha
  1601 | D:4      | Killed Natasha
  1601 | D:4      | Reached skill level 7 in Necromancy
  1680 | D:4      | Reached XP level 6. HP: 42/49 MP: 5/10
  2056 | D:5      | Entered Level 5 of the Dungeon
  2136 | D:3      | Found a shimmering altar of Xom.
  2217 | D:5      | Reached skill level 1 in Fighting
  2261 | D:5      | Noticed Grinder
  2261 | D:5      | Noticed Blork the orc
  2620 | D:5      | Killed Blork the orc
  2620 | D:5      | Reached skill level 8 in Necromancy
  2831 | D:5      | Reached XP level 7. HP: 51/60 MP: 1/12
  3095 | D:5      | Paralysed by Grinder for 7 turns
  3143 | D:5      | Noticed Linguinho's ghost (amateur TrMo)
  3162 | D:5      | Noticed Eustachio
  3377 | D:6      | Noticed Ratty's ghost (novice OgBe)
  3484 | D:6      | Slain by a sky beast

Skill      XL: |  1  2  3  4  5  6  7 |
---------------+----------------------+-----
Spellcasting   | 2 3 4 |  4.0
Necromancy     | 5 6 7 8 |  8.0
Fighting       | 2 |  2.1
Dodging        | |  2.1
Stealth        | |  2.4

Action                   |  1- 3 |  4- 6 |  7- 9 || total
-------------------------+-------+-------+-------++-------
Melee: Dagger            |     5 |    70 |       ||    75
       Unarmed           |     3 |       |       ||     3
       Whip              |       |     4 |    31 ||    35
Throw: Javelin           |       |     6 |       ||     6
 Cast: Pain              |    40 |    63 |     7 ||   110
       Vampiric Draining |       |    17 |     7 ||    24
  Eat: Chunk             |     1 |     7 |     2 ||    10
Armor: Robe              |     5 |       |       ||     5
       Ring mail         |     5 |    52 |    65 ||   122
Dodge: Dodged            |    17 |    60 |   100 ||   177
